 Dungeon Crawl Stone Soup version 0.28.0-53-g5a82cb258f (webtiles) character file.

Game seed: 11597331532927063354

277 issech the Chopper (level 6, -6/45 (53) HPs)
             Began as a Minotaur Monk on June 1, 2022.
             Mangled by Eustachio
             ... wielding a +2 rapier of draining
              (8 damage)
             ... on level 3 of the Dungeon.
             The game lasted 00:08:02 (3469 turns).

issech the Chopper (Minotaur Monk)                  Turns: 3469, Time: 00:08:02

HP:   -6/45 (53)    AC:  7    Str: 15    XL:     6   Next: 4%
MP:   5/5           EV: 12    Int:  7    God:
Gold: 172           SH:  0    Dex: 15    Spells: 5/5 levels left

rFire   + + .      SeeInvis .   a - +0 hand axe
rCold   x . .      Faith    .   (no shield)
rNeg    . . .      Spirit   .   h - +2 ring mail {rF+}
rPois   +          Reflect  .   (helmet restricted)
rElec   .          Harm     .   (no cloak)
rCorr   .          Rampage  .   (no gloves)
Will    .....                   (no boots)
Stlth   +.........              (no amulet)
HPRegen 0.15/turn               (no ring)
MPRegen 0.09/turn               B - ring of the Dull Fig {Fire rPois}

@: heavily drained
A: horns 2, retaliatory headbutt
a: no special abilities


You were on level 3 of the Dungeon.
You visited 1 branch of the dungeon, and saw 4 of its levels.

You collected 172 gold pieces.

Inventory:

Hand Weapons
 a - a +0 hand axe (weapon)
 q - a +0 hunting sling
 s - a +0 trident
 t - a +0 flail
Missiles
 f - 64 arrows
 j - 91 stones (quivered)
 w - 14 sling bullets
 y - 5 poisoned darts
 z - 5 boomerangs
Armour
 b - a +0 robe
 e - a +0 ring mail
 h - a +2 ring mail of fire resistance (worn)
 o - an orb of energy
 u - a +0 scale mail
 C - a +0 ring mail
 D - a +0 chain mail
Magical Staves
 c - a staff of earth
Jewellery
 d - a ring of fire
 B - the ring of the Dull Fig (right hand) {Fire rPois}
   (You found it on level 3 of the Dungeon)

   [ring of fire]

   It enhances your fire magic.
   rF:        It protects you from fire.
   rC:        It makes you vulnerable to cold.
   rPois:     It protects you from poison.
Scrolls
 g - 2 scrolls of teleportation {unknown}
 l - a scroll of identify {unknown}
 m - a scroll of blinking {unknown}
 x - a scroll of fog {unknown}
 A - a scroll of fear {unknown}
Potions
 i - a potion of flight {unknown}
 k - a potion of magic {unknown}
 n - a potion of attraction {unknown}
 p - 3 potions of curing {unknown}
 r - 2 potions of might {unknown}
 v - a potion of heal wounds {unknown}


   Skills:
 + Level 4.7 Fighting
 + Level 5.3 Axes
 + Level 3.7 Armour
 + Level 4.4 Dodging
 + Level 2.0 Stealth


You had 5 spell levels left.
You didn't know any spells.
Your spell library contained the following spells:

 Spells                   Type           Power      Damage    Failure   Level
 Iskenderun's Battlesphe  Conj           0%         2d6       100%        5
 Iron Shot                Conj/Erth      0%         9d1       100%        6
 Spellforged Servitor     Conj/Summ      0%         N/A       100%        7


Dungeon Overview and Level Annotations

Branches:
Dungeon (4/15)             Temple (0/1) D:4

Altars:
Cheibriados

Shops:
D:3 =

Annotations:
D:3 Eustachio


Innate Abilities, Weirdness & Mutations

You have a pair of horns on your head.
You reflexively headbutt those who attack you in melee.


Message History

Eustachio hits you with a +2 rapier of draining!
* * * LOW HITPOINT WARNING * * *
You feel drained. The iron imp spits at you. The crimson imp misses you.
You climb upwards.
The crimson imp disappears in a puff of smoke!
The iron imp disappears in a puff of smoke! x2
There is a stone staircase leading down here.
You hit the gnoll but do no damage.
The gnoll is lightly wounded.
You hit Eustachio. The gnoll barely misses you.
Eustachio gestures wildly while chanting.
You closely miss the gnoll.
The gnoll is lightly wounded.
You hit Eustachio but do no damage. The gnoll misses you.
You furiously retaliate!
You headbutt the gnoll!
Eustachio mumbles some strange words.
The gnoll hits you with a +0 halberd.
* * * LOW HITPOINT WARNING * * *
You barely miss the gnoll.
The gnoll is severely wounded.
You hit Eustachio but do no damage. You barely miss the crimson imp.
The crimson imp disappears in a puff of smoke!
Eustachio hits you but does no damage.
You feel drained. The gnoll hits you with a +0 halberd!
* * * LOW HITPOINT WARNING * * *
You hit the gnoll. You headbutt the gnoll.
You kill the gnoll!
You closely miss Eustachio. You hit the shadow imp.
Eustachio closely misses you. You furiously retaliate!
You headbutt Eustachio!
The crimson imp blinks!
The shadow imp hits you but does no damage.
Eustachio hits you but does no damage.
You feel drained.
You barely miss Eustachio.
Eustachio is heavily wounded.
You hit the shadow imp.
The shadow imp hits you but does no damage.
Eustachio hits you with a +2 rapier of draining!
You die...

#....##..##........).#...# #
#.......#######..##..'...#######
#......######.############......
##.##..##...........#####.....##
#.##..#######............#####
#.##...# ##########...######
#.##...### #....<......
#.#..#...###########.######....
#.#.#######...@@.....##########
#...# ##.....55...)...........
###.# #..##.5........#########
#.# #.###..........###### ## #.#
##.# #...............###. #.#
#..# ###############.....
#.###.## ##############.....
#####.....#####............).....
................############.....


You could see Eustachio, a crimson imp (summoned) and 2 shadow imps.

Vanquished Creatures
  A jelly (D:3)
  A gnoll shaman (D:3)
  Jessica (D:3)
  An iguana (D:4)
  5 gnolls (D:3)
  4 adders
  3 worms
  3 dart slugs
  2 orcs
  3 ball pythons
  7 endoplasms
  2 giant cockroaches (D:3)
  6 goblins
  6 hobgoblins
  7 kobolds
  3 quokkas
  8 bats
  8 frilled lizards
  5 rats
76 creatures vanquished.

Vanquished Creatures (others)
  32 plants (D:4)
32 creatures vanquished.

Grand Total: 108 creatures vanquished

Notes
Turn   | Place    | Note
-------+----------+-------------------------------------------
     0 | D:1      | issech the Minotaur Monk began the quest for the Orb.
     0 | D:1      | Reached XP level 1. HP: 19/19 MP: 0/0
   314 | D:1      | Found a faded altar of an unknown god.
   324 | D:1      | Reached skill level 4 in Axes
   465 | D:1      | Reached XP level 2. HP: 26/27 MP: 1/1
  1234 | D:2      | You fall into a shaft and drop 2 floors!
  1242 | D:4      | Found a staircase to the Ecumenical Temple.
  1256 | D:4      | Reached XP level 3. HP: 32/33 MP: 2/2
  1261 | D:4      | Reached skill level 1 in Armour
  1428 | D:4      | Noticed Eustachio
  1485 | D:2      | Reached XP level 4. HP: 23/40 MP: 3/3
  2487 | D:3      | Found a snail-covered altar of Cheibriados.
  2641 | D:3      | Found Qogoz's Jewellery Shop.
  2653 | D:3      | Reached XP level 5. HP: 19/47 MP: 4/4
  2692 | D:3      | Reached skill level 5 in Axes
  2852 | D:3      | Noticed Jessica
  2859 | D:3      | Killed Jessica
  2977 | D:3      | Identified the ring of the Dull Fig {Fire rPois}
  3337 | D:3      | Reached XP level 6. HP: 53/53 MP: 5/5
  3467 | D:3      | HP: 2/45 [gnoll/+0 halberd (7)]
  3469 | D:3      | Mangled by Eustachio

Illustrated notes

Levels and vault maps discovered:
D:1:      ebering_hopf_link, layout_basic, hellmonk_ecumenical_altar_lost_god
D:2:      layout_rooms
D:3:      minmay_chambers_of_twos, layout_rooms, nicolae_overflow_crystal_walls,
          serial_shops, shop_statue, uniq_jessica
D:4:      layout_rooms, nicolae_overflow_hidden_temple,
          nemelex_spade_bored_becter, minmay_temple_entry_tees,
          serial_bayou_lagoon_a, uniq_eustachio, uniq_natasha

Skill      XL: |  1  2  3  4  5 |
---------------+----------------+-----
Axes           | 4 5 |  5.3
Fighting       | 4 |  4.7
Armour         | 1 2 3 |  3.7
Dodging        | 4 |  4.4
Stealth        | 2 |  2.0

Action                   |  1- 3 |  4- 6 || total
-------------------------+-------+-------++-------
Melee: Hand axe          |    68 |   123 ||   191
       Headbutt          |     9 |    30 ||    39
       Punch             |     1 |     2 ||     3
Armor: Ring mail         |    30 |    57 ||    87
Dodge: Dodged            |    55 |    88 ||   143
